← All builds
Geo sea / Cortex / Economy first / OBSERVED BUILD

Standard geo sea

Cortex Geo sea build order · Supreme Isthmus

The role's default economy-first play: bot lab then shipyard in the cove, quick frigate/submarine/destroyer navy to contest sea and hold the coast, transitioning into whatever the sea fight needs.

Usually shipyard in the cove (98%)

#naval #eco · 977 distinct matches · 100 players · 83% of Cortex Geo sea games · team won 52% of 1096 · Recently observed

HOW TO PLAY IT

Key timing: Shipyard by 3:18

  1. Open 3 mex, wind and solar, then Bot Lab.
  2. Get a BP and costal torpedo launcher up before the Shipyard.
  3. Put up Shipyard once you can defend it.
  4. Push out "submarine" and "frigate" to contest the sea.
  5. Add geothermal to fund the fleet transition into "destroyer", "missile corvette".

Phase by phase

TYPICAL OF ITS 977 GAMES
  1. 1
  2. 2
  3. 3
  4. 4
PLAY THE OPENING

Follow the example game's first 6:00 step by step: what to build now, what comes next, and where it goes. At 1× it keeps pace with your own game.

  1. 1

    Up to the Bot Lab

    Economy
    • Metal Extractor3Mex
    • Wind Turbine3Wind
    Order
    1. Bot LabBot Lab after 3 mex, 3 winddone ~1:12, middle half 1:06–1:26

    Some games also: wind for allies (49%)

    By 0:55 in all: 3 mex · 3 wind

    The example game in this phase · 5 steps
    1. Mex ×3
    2. Wind
    3. Wind ×2for Air
    4. Wind
    5. Bot LabBot Labdone 1:11 · typical 1:12
  2. 2

    Bot Lab to Shipyard

    Economy
    • Metal Extractor1Mex
    • Wind Turbine2Wind
    Order
    1. ShipyardShipyard after 4 mex, 5 wind, 1 energy storagedone ~3:17, middle half 3:02–3:33
    Builders
    • Construction Bot3 Con bot
    • Graverobber2 Graverobber
    Army
    • Grunt1 Grunt

    Some games also: con turret (46%) · trasher (39%) · energy storage (34%) · wind for allies (32%)

    By 2:51 in all: 4 mex · 5 wind

    The example game in this phase · 8 steps
    1. GraverobberGraverobberfor Pond
    2. GraverobberGraverobber
    3. Construction BotCon bot ×4
    4. GraverobberGraverobberfor Pond
    5. TrasherTrasher
    6. Mex
    7. GruntGrunt
    8. ShipyardShipyarddone 3:07 · typical 3:17
  3. 3

    Shipyard to 5:00

    Economy
    • Metal Extractor4Mex
    Builders
    • Construction Ship1 Con ship
    Army
    • Riptide2 Frigate
    • Orca1 Submarine
    Other
    • Radar Tower1 Radar Tower

    Some games also: Guard (49%) · wind (48%) · missile corvette (48%) · destroyer (46%) · gunboat (40%)

    By 5:00 in all: 8 mex · 6 wind · 1 energy storage · 1 con turret

    The example game in this phase · 16 steps
    1. HerringMissile corvette
    2. RiptideFrigatedone 3:28 · typical 4:35
    3. Mex
    4. RiptideFrigate
    5. Mex
    6. Energy storage
    7. Construction ShipCon ship
    8. Mex
    9. GuardGuard
    10. OppressorDestroyerdone 5:28 · typical 5:51
    11. ThistleThistle
    12. Mex
    13. Con turret
    14. Radar TowerRadar Tower
    15. GuardGuard
    16. Mex
  4. 4

    5:00 to 10:00

    Economy
    • Metal Extractor2Mex
    • Wind Turbine8Wind
    • Energy Converter1Converter
    Builders
    • Construction Turret1 Con turret
    • Death Cavalry2 Death Cavalry
    • Construction Ship1 Con ship
    Army
    • Guard2 Guard
    • Riptide5 Frigate
    • Oppressor2 Destroyer
    Other
    • Naval Radar / Sonar Tower2 Naval Radar / Sonar Tower

    Some games also: geo (47%) · Thistle (40%) · submarine (34%)

    By 10:00 in all: 10 mex · 15 wind · 1 geo · 4 converter · 1 energy storage · 2 con turret

    The example game in this phase · 118 steps
    1. Naval Radar / Sonar TowerNaval Radar / Sonar Tower
    2. ThistleThistle
    3. Mex
    4. GuardGuard
    5. RiptideFrigate
    6. Wind ×2
    7. GuardGuard
    8. Wind
    9. Mex
    10. Radar TowerRadar Tower
    11. Wind
    12. RiptideFrigate
    13. Con turret
    14. Naval Radar / Sonar TowerNaval Radar / Sonar Tower
    15. Wind
    16. Advanced Metal ExtractorT2 mexdone 8:14 · typical 9:22
    17. Wind
    18. Death CavalryDeath Cavalry
    19. Wind ×3
    20. RiptideFrigate
    21. Wind
    22. Geothermal PowerplantGeodone 8:34 · typical 7:59
    23. Con turret
    24. Naval Radar / Sonar TowerNaval Radar / Sonar Tower
    25. Wind ×3
    26. HerringMissile corvette
    27. Wind
    28. OppressorDestroyer
    29. Wind
    30. Naval Radar / Sonar TowerNaval Radar / Sonar Tower
    31. Con turret
    32. Wind ×2
    33. Advanced Metal ExtractorT2 mex
    34. Wind ×2
    35. Converter
    36. Naval Radar / Sonar TowerNaval Radar / Sonar Tower
    37. Wind
    38. Converter
    39. Wind ×2
    40. Death CavalryDeath Cavalry
    41. Con turret
    42. Converter
    43. Wind ×2
    44. Converter
    45. RiptideFrigate
    46. Wind ×2
    47. Advanced Metal ExtractorT2 mex
    48. Wind
    49. RiptideFrigate ×2
    50. Mex
    51. Wind
    52. HerringMissile corvette
    53. Con turret
    54. OppressorDestroyer
    55. Naval Radar / Sonar TowerNaval Radar / Sonar Tower
    56. Death CavalryDeath Cavalry
    57. RiptideFrigate ×3
    58. Mex
    59. HerringMissile corvette
    60. Advanced Metal ExtractorT2 mex
    61. OppressorDestroyer
    62. Con turret
    63. Naval Radar / Sonar TowerNaval Radar / Sonar Tower
    64. Construction ShipCon ship
    65. Death CavalryDeath Cavalry
    66. Converter
    67. RiptideFrigate
    68. Converter
    69. RiptideFrigate
    70. Converter
    71. UrchinUrchin
    72. Converter
    73. RiptideFrigate
    74. Converter
    75. HerringMissile corvette
    76. Advanced Metal ExtractorT2 mex
    77. Converter
    78. OppressorDestroyer
    79. UrchinUrchin
    80. Converter
    81. Death CavalryDeath Cavalry
    82. Converter
    83. Mex
    84. Converter
    85. RiptideFrigate
    86. Advanced ShipyardAdvanced Shipyarddone 13:46
    87. Construction ShipCon ship
    88. Converter
    89. Advanced Metal ExtractorT2 mex
    90. Wind
    91. Mex
    92. Wind ×5
    93. Naval Radar / Sonar TowerNaval Radar / Sonar Tower
    94. Wind
    95. UrchinUrchin
    96. Wind
    97. Construction ShipCon ship
    98. Wind
    99. Advanced Construction SubAdvanced Construction Sub
    100. Wind ×7
    101. UrchinUrchin
    102. Wind
    103. PathfinderPathfinder
    104. Wind
    105. PathfinderPathfinder
    106. Wind ×3
    107. Naval Advanced Metal ExtractorNaval Advanced Metal Extractornot finished by 15:00
    108. PathfinderPathfinder
    109. Wind ×2
    110. UrchinUrchin
    111. OasisOasis
    112. Advanced Metal ExtractorT2 mex
    113. Wind ×2
    114. Naval Radar / Sonar TowerNaval Radar / Sonar Tower
    115. Wind ×2
    116. Naval Metal Storage
    117. PhantasmRadar jammer ship
    118. Wind

Counts are medians over the build's games: half of them build more, half fewer. The example game is StoicMoose42's (37 OS, 18/09/2026); pick another.

Team trades

IN AT LEAST 30% OF ITS GAMES

You hand over

  • Wind Turbine2 Wind to Airfirst at 1:48 · in 72% of games

You get

  • Finch1 Finch from Airfirst at 1:51 · in 83% of games
  • Hercules1 Light transport from Airfirst at 2:00 · in 75% of games
  • Advanced Construction Bot1 T2 con bot from Techfirst at 7:44 · in 89% of games

How it plays out

Typical game of this build, running totals by minute

Metal produced

010k20k30k
0:005:0010:0015:00

metal

Enemy metal destroyed

05k10k
0:005:0010:0015:00

metal

Own metal lost

02.5k5k7.5k
0:005:0010:0015:00

metal

1096 games.

Show as table
ByMetal produced: This buildEnemy metal destroyed: This buildOwn metal lost: This build
1:0039700
2:0092800
3:00156700
4:002900051
5:00410913152
6:005464441241
7:006946931551
8:0086111570903
9:001049024561351
10:001261036252061
11:001521848802898
12:001811663973757
13:002141473914448
14:002501386465363
15:002878197446294
WHAT THE NUMBERS SAY

Standard Cortex geo sea sits at an even 50% win rate, trading a slower start for a big resource lead by 15:00.

  • + Metal produced hits 28451 by 15:00, well above both front roles
  • + Own metal lost stays far below enemy metal destroyed at every checkpoint
  • − Only 50% team win rate, the lowest of these six builds
  • − T2 factory only completes in 40% of games by 12:53
THE EXAMPLE YOU ARE READING

StoicMoose42

37.3 OS · 18/09/2026

Open source match ↗

5 received units · includes a constructor
71 metal received · 15962 energy received

Allied construction assistance is unknown. Timings are observations, not a promise of solo reproducibility.

Typical milestones

Bot Lab1:12Middle 50%: 1:06–1:26 · n=1085
Shipyard3:17Middle 50%: 3:02–3:33 · n=1090
Orca4:19Middle 50%: 3:54–5:00 · n=755
Riptide4:35Middle 50%: 4:08–5:21 · n=1064
Oppressor5:51Middle 50%: 5:08–6:35 · n=992
Geothermal Powerplant7:59Middle 50%: 7:01–9:00 · n=655
Advanced Metal Extractor9:22Middle 50%: 8:45–10:10 · n=940

Played most by

sirniho122games of this buildSHOGVN92games of this buildOptimusprimenutt84games of this buildPRO_Rerory47games of this buildhihimik41games of this build